SAA
MINNESOTA LOONS @ BETHESDA ATOMS
07/27/2027
 
TOP OF THE 1ST
Minnesota Loons batting - Pitching for Bethesda Atoms : LHP Arnie Banks
Pitching: LHP Arnie Banks
Batting: RHB Alan Bryan 0-0: Foul Ball, location: 2F
0-1: Ground out 4-3 (Groundball, 4)
Batting: SHB Lowell Moon 0-0: Bunt for hit - play at first, batter safe!
Batting: RHB Salvador Esparza 0-0: Called Strike
Lowell Moon steals 2nd base
0-1: Ground out 5-3 (Groundball, 56S)
Lowell Moon to third
Batting: LHB Alfredo Arévalo 0-0: Ball
1-0: Called Strike
1-1: Swinging Strike
1-2: Fly out, F8 (Flyball, 8LM)
Top of the 1st over - 0 run(s), 1 hit(s), 0 error(s), 1 left on base; Minnesota 0 - Bethesda 0
BOTTOM OF THE 1ST
Bethesda Atoms batting - Pitching for Minnesota Loons : RHP Jesús Hernández
Pitching: RHP Jesús Hernández
Batting: RHB Marc Beck 0-0: Ball
1-0: Called Strike
1-1: Swinging Strike
1-2: Foul Ball, location: 2F
1-2: Foul Ball, location: 2F
1-2: Strikes out swinging
Batting: LHB Jorge Ortíz 0-0: Ball
1-0: Fly out, F9 (Flyball, 9LM)
Batting: LHB Diego Rosas 0-0: Ground out U3 (Groundball, 34)
Bottom of the 1st over - 0 run(s), 0 hit(s), 0 error(s), 0 left on base; Minnesota 0 - Bethesda 0
TOP OF THE 2ND
Minnesota Loons batting - Pitching for Bethesda Atoms : LHP Arnie Banks
Batting: RHB Jorge Arreola 0-0: Called Strike
0-1: Ground out 6-3 (Groundball, 6S)
Batting: SHB David Martínez 0-0: Called Strike
0-1: Swinging Strike
0-2: Foul Ball, location: 2F
0-2: Foul Ball, location: 2F
0-2: Strikes out swinging
Batting: RHB Isuru Tanaka 0-0: Swinging Strike
0-1: Foul Ball, location: 2F
0-2: Strikes out swinging
Top of the 2nd over - 0 run(s), 0 hit(s), 0 error(s), 0 left on base; Minnesota 0 - Bethesda 0
BOTTOM OF THE 2ND
Bethesda Atoms batting - Pitching for Minnesota Loons : RHP Jesús Hernández
Batting: LHB Pedro Corona 0-0: Called Strike
0-1: Foul Ball, location: 2F
0-2: Ball
1-2: Foul Ball, location: 2F
1-2: Foul Ball, location: 2F
1-2: Foul Ball, location: 2F
1-2: Ball
2-2: Foul Ball, location: 2F
2-2: Ball
3-2: Fly out, F7 (Flyball, 78M)
Batting: RHB Enrique Ibarra 0-0: Ball
1-0: Ball
2-0: SOLO HOME RUN (Flyball, 7D), Distance : 359 ft
Batting: RHB Raúl Javier Jr. 0-0: Ball
1-0: Swinging Strike
1-1: Swinging Strike
1-2: Strikes out looking
Batting: RHB Elliot Alderson 0-0: Ball
1-0: Ball
2-0: Ball
3-0: Base on Balls
Batting: RHB Enoch Reinhardt 0-0: Called Strike
0-1: Foul Ball, location: 2F
0-2: Ball
1-2: Fly out, F8 (Flyball, 78XD)
Bottom of the 2nd over - 1 run(s), 1 hit(s), 0 error(s), 1 left on base; Minnesota 0 - Bethesda 1
TOP OF THE 3RD
Minnesota Loons batting - Pitching for Bethesda Atoms : LHP Arnie Banks
Batting: RHB Juan Martínez 0-0: Ball
1-0: Foul Ball, location: 2F
1-1: Single, Error in OF, E8, batter to second base
Batting: RHB Randolph Descoteaux 0-0: Foul Ball, location: 2F
0-1: Foul Ball, location: 2F
0-2: Foul Ball, location: 2F
0-2: Fly out, F8 (Flyball, 8LD)
Batting: RHB Alan Bryan 0-0: Called Strike
0-1: SINGLE (Flyball, 8LS)
Juan Martínez to third
Batting: SHB Lowell Moon 0-0: Ball
1-0: Called Strike
1-1: Ball
2-1: Ball
3-1: Base on Balls
Alan Bryan to second
Batting: RHB Salvador Esparza 0-0: Ball
1-0: Fielders Choice at 2nd, 5-4 (Groundball, 56)
Juan Martínez scores
Alan Bryan to third
Batting: LHB Alfredo Arévalo 0-0: Called Strike
0-1: Swinging Strike
0-2: Strikes out looking
Top of the 3rd over - 1 run(s), 2 hit(s), 1 error(s), 2 left on base; Minnesota 1 - Bethesda 1
BOTTOM OF THE 3RD
Bethesda Atoms batting - Pitching for Minnesota Loons : RHP Jesús Hernández
Batting: RHB Juan Camacho 0-0: Called Strike
0-1: Fly out, F8 (Line Drive, 89M)
Batting: RHB Marc Beck 0-0: Ball
1-0: Ball
2-0: Called Strike
2-1: Ball
3-1: Base on Balls
Batting: LHB Jorge Ortíz 0-0: Called Strike
Marc Beck steals 2nd base
0-1: Ball
1-1: Swinging Strike
1-2: Strikes out swinging
Batting: LHB Diego Rosas 0-0: Foul Ball, location: 2F
0-1: Ball
1-1: SINGLE (Line Drive, 8RS)
Marc Beck to third
Runner from 3rd tries for Home, SAFE, no throw
Batting: LHB Pedro Corona 0-0: Ball
1-0: Foul Ball, location: 2F
1-1: Foul Ball, location: 2F
1-2: Strikes out swinging
Bottom of the 3rd over - 1 run(s), 1 hit(s), 0 error(s), 1 left on base; Minnesota 1 - Bethesda 2
TOP OF THE 4TH
Minnesota Loons batting - Pitching for Bethesda Atoms : LHP Arnie Banks
Batting: RHB Jorge Arreola 0-0: Ball
1-0: SINGLE (Groundball, 6MD)
Batting: SHB David Martínez 0-0: Ball
1-0: Swinging Strike
1-1: Ball
2-1: Called Strike
2-2: Strikes out swinging
Batting: RHB Isuru Tanaka 0-0: Fly out, F8 (Line Drive, 8LS)
Batting: RHB Juan Martínez 0-0: Ball
1-0: DOUBLE (Line Drive, 9LM)
Jorge Arreola to third
Batting: RHB Randolph Descoteaux 0-0: Called Strike
0-1: Ball
1-1: Foul Ball, location: 2F
1-2: Strikes out swinging
Top of the 4th over - 0 run(s), 2 hit(s), 0 error(s), 2 left on base; Minnesota 1 - Bethesda 2
BOTTOM OF THE 4TH
Bethesda Atoms batting - Pitching for Minnesota Loons : RHP Jesús Hernández
Batting: RHB Enrique Ibarra 0-0: Called Strike
0-1: Ball
1-1: Hit by Pitch
Batting: RHB Raúl Javier Jr. 0-0: Ball
1-0: Ball
Passed Ball!
Enrique Ibarra to second
2-0: Ball
3-0: Base on Balls
Batting: RHB Elliot Alderson 0-0: Ball
1-0: Ball
2-0: Ball
3-0: Base on Balls
Enrique Ibarra to third
Raúl Javier Jr. to second
Batting: RHB Enoch Reinhardt 0-0: Ball
1-0: Foul Ball, location: 2F
1-1: SINGLE (Flyball, 7LS)
Enrique Ibarra scores
Raúl Javier Jr. to third
Elliot Alderson to second
Batting: RHB Juan Camacho 0-0: Ball
1-0: Ground out 5-3 (Groundball, 56S)
Raúl Javier Jr. scores
Elliot Alderson to third
Enoch Reinhardt to second
Batting: RHB Marc Beck 0-0: Foul Ball, location: 2F
0-1: Ball
1-1: Ball
2-1: Fly out, F8 (Flyball, 8LM)
Runner from 3rd tags up, SCORES, throw made
Batting: LHB Jorge Ortíz 0-0: Swinging Strike
0-1: Ground out 4-3 (Groundball, 4)
Bottom of the 4th over - 3 run(s), 1 hit(s), 0 error(s), 1 left on base; Minnesota 1 - Bethesda 5
TOP OF THE 5TH
Minnesota Loons batting - Pitching for Bethesda Atoms : LHP Arnie Banks
Batting: RHB Alan Bryan 0-0: Ball
1-0: Ball
2-0: Called Strike
2-1: Ball
3-1: Base on Balls
Batting: SHB Lowell Moon 0-0: Called Strike
0-1: Swinging Strike
0-2: Ball
1-2: Strikes out looking
Batting: RHB Salvador Esparza 0-0: Ball
1-0: Called Strike
1-1: Ball
2-1: Foul Ball, location: 2F
2-2: Fielders Choice at 2nd, 4-6 (Groundball, 4M)
Batting: LHB Alfredo Arévalo 0-0: Called Strike
Salvador Esparza steals 2nd base
0-1: Ball
1-1: Ball
2-1: Ball
3-1: Base on Balls
Batting: RHB Jorge Arreola 0-0: Ball
1-0: Called Strike
1-1: SINGLE (Line Drive, 56D)
Salvador Esparza to third
Alfredo Arévalo to second
Runner from 3rd tries for Home, SAFE, no throw
Batting: SHB David Martínez 0-0: Called Strike
0-1: DOUBLE (Line Drive, 7LM)
Alfredo Arévalo scores
Jorge Arreola to third
Runner from 3rd tries for Home, SAFE, no throw
Batting: RHB Isuru Tanaka 0-0: Foul Ball, location: 2F
0-1: Ball
1-1: Ball
2-1: Ball
Wild Pitch!
David Martínez to third
3-1: SINGLE (Line Drive, 8LS)
David Martínez scores
Batting: RHB Juan Martínez 0-0: Ball
Isuru Tanaka is caught stealing 2nd base
Top of the 5th over - 4 run(s), 3 hit(s), 0 error(s), 0 left on base; Minnesota 5 - Bethesda 5
BOTTOM OF THE 5TH
Bethesda Atoms batting - Pitching for Minnesota Loons : RHP Jesús Hernández
Batting: LHB Diego Rosas 0-0: Ball
1-0: Called Strike
1-1: Ball
2-1: Fly out, F8 (Line Drive, 8LD)
Batting: LHB Pedro Corona 0-0: Ball
1-0: Called Strike
1-1: Swinging Strike
1-2: Foul Ball, location: 2F
1-2: Ball
2-2: SINGLE (Flyball, 89S)
Batting: RHB Enrique Ibarra 0-0: Called Strike
0-1: Ball
1-1: Fly out, F4 (Popup, 3D)
Batting: RHB Raúl Javier Jr. 0-0: Ball
1-0: SINGLE (Groundball, 34D)
Pedro Corona to second
Runner from 2nd tries for 3rd, SAFE, throw made to third
Batting: RHB Elliot Alderson 0-0: Called Strike
0-1: Ground out 4-3 (Groundball, 4S)
Bottom of the 5th over - 0 run(s), 2 hit(s), 0 error(s), 2 left on base; Minnesota 5 - Bethesda 5
TOP OF THE 6TH
Minnesota Loons batting - Pitching for Bethesda Atoms : LHP Arnie Banks
Batting: RHB Juan Martínez 0-0: Ball
1-0: Called Strike
1-1: SINGLE (Line Drive, 56D)
Batting: RHB Randolph Descoteaux 0-0: Ball
1-0: Bunt missed!
1-1: Bunted foul
1-2: Foul Ball, location: 2F
1-2: Ball
2-2: Foul Ball, location: 2F
2-2: 2-RUN HOME RUN (Flyball, 78XD), Distance : 421 ft
Pitching: RHP Jeren Kendall
Batting: RHB Alan Bryan 0-0: Foul Ball, location: 2F
0-1: Ball
1-1: Ball
2-1: Foul Ball, location: 2F
2-2: Strikes out swinging
Batting: SHB Lowell Moon 0-0: Called Strike
0-1: Ball
1-1: Called Strike
1-2: SINGLE (Groundball, 34D)
Batting: RHB Salvador Esparza 0-0: Called Strike
0-1: Called Strike
0-2: Ball
1-2: Foul Ball, location: 2F
1-2: Fly out, F6 (Line Drive, 6)
Batting: LHB Alfredo Arévalo 0-0: Swinging Strike
0-1: Foul Ball, location: 2F
0-2: Ball
Lowell Moon steals 2nd base
1-2: Ball
2-2: Ball
3-2: Base on Balls
Batting: RHB Jorge Arreola 0-0: Ball
1-0: Fielders Choice at 2nd, 5-4 (Groundball, 56)
Top of the 6th over - 2 run(s), 3 hit(s), 0 error(s), 1 left on base; Minnesota 7 - Bethesda 5
BOTTOM OF THE 6TH
Bethesda Atoms batting - Pitching for Minnesota Loons : RHP Jesús Hernández
Batting: RHB Enoch Reinhardt 0-0: Called Strike
0-1: Ball
1-1: Foul Ball, location: 2F
1-2: Ground out 5-3 (Groundball, 56)
Batting: RHB Juan Camacho 0-0: Called Strike
0-1: Swinging Strike
0-2: Foul Ball, location: 2F
0-2: Ball
1-2: Ball
2-2: Ball
3-2: Strikes out swinging
Batting: RHB Marc Beck 0-0: Ground out 5-3 (Groundball, 56S)
Bottom of the 6th over - 0 run(s), 0 hit(s), 0 error(s), 0 left on base; Minnesota 7 - Bethesda 5
TOP OF THE 7TH
Minnesota Loons batting - Pitching for Bethesda Atoms : RHP Jeren Kendall
Batting: SHB David Martínez 0-0: Ball
1-0: Foul Ball, location: 2F
1-1: Swinging Strike
1-2: Fly out, F6 (Popup, 6)
Batting: RHB Isuru Tanaka 0-0: Ball
1-0: Called Strike
1-1: Foul Ball, location: 2F
1-2: Ball
2-2: Foul Ball, location: 2F
2-2: Strikes out swinging
Batting: RHB Juan Martínez 0-0: Ball
1-0: Ball
2-0: Foul Ball, location: 2F
2-1: Ball
3-1: Base on Balls
Batting: RHB Randolph Descoteaux 0-0: Ball
1-0: Fly out, F4 (Line Drive, 4)
Top of the 7th over - 0 run(s), 0 hit(s), 0 error(s), 1 left on base; Minnesota 7 - Bethesda 5
BOTTOM OF THE 7TH
Bethesda Atoms batting - Pitching for Minnesota Loons : RHP Jesús Hernández
Pitching: RHP Bartolo Ruíz
Batting: LHB Jorge Ortíz 0-0: Foul Ball, location: 2F
0-1: Ball
1-1: Swinging Strike
1-2: Strikes out swinging
Batting: LHB Diego Rosas 0-0: Ball
1-0: Ground out 5-3 (Groundball, 25)
Batting: LHB Pedro Corona 0-0: Ball
1-0: Called Strike
1-1: Foul Ball, location: 2F
1-2: Strikes out swinging
Bottom of the 7th over - 0 run(s), 0 hit(s), 0 error(s), 0 left on base; Minnesota 7 - Bethesda 5
TOP OF THE 8TH
Minnesota Loons batting - Pitching for Bethesda Atoms : RHP Jeren Kendall
Batting: RHB Alan Bryan 0-0: Called Strike
0-1: Swinging Strike
0-2: SINGLE (Line Drive, 89M)
Batting: SHB Lowell Moon Pickoff Throw to First - Error! E1
Alan Bryan to second
0-0: DOUBLE (Line Drive, 9LM)
Alan Bryan scores
Batting: RHB Salvador Esparza 0-0: Ball
1-0: Ball
2-0: Called Strike
2-1: Called Strike
2-2: Ball
3-2: Strikes out swinging
Batting: LHB Alfredo Arévalo 0-0: Intentional Walk
Batting: RHB Jorge Arreola 0-0: Called Strike
0-1: Ball
1-1: Grounds into double play, 4-6-3 (Groundball, 34)
Top of the 8th over - 1 run(s), 2 hit(s), 1 error(s), 1 left on base; Minnesota 8 - Bethesda 5
BOTTOM OF THE 8TH
Bethesda Atoms batting - Pitching for Minnesota Loons : RHP Bartolo Ruíz
Batting: RHB Enrique Ibarra 0-0: Called Strike
0-1: Swinging Strike
0-2: Ball
1-2: Ground out 1-3 (Groundball, 13)
Batting: RHB Raúl Javier Jr. 0-0: Called Strike
0-1: Ball
1-1: Ball
2-1: DOUBLE (Line Drive, 89M)
Batting: RHB Elliot Alderson 0-0: Ball
1-0: Foul Ball, location: 2F
1-1: Ground out 3-1 (Groundball, 34)
Raúl Javier Jr. to third
Batting: RHB Enoch Reinhardt 0-0: Ground out 6-3 (Groundball, 6)
Bottom of the 8th over - 0 run(s), 1 hit(s), 0 error(s), 1 left on base; Minnesota 8 - Bethesda 5
TOP OF THE 9TH
Minnesota Loons batting - Pitching for Bethesda Atoms : RHP Jeren Kendall
Batting: SHB David Martínez 0-0: Swinging Strike
0-1: Ball
1-1: Ball
2-1: Foul Ball, location: 2F
2-2: Ball
3-2: SINGLE (Groundball, 34D)
Batting: RHB Isuru Tanaka 0-0: Called Strike
0-1: Ball
1-1: Reached on error, E5 (Groundball, 56S)
David Martínez to second
Batting: RHB Juan Martínez 0-0: Bunt missed!
0-1: Sac Bunt - play at first, batter safe!
David Martínez to third
Isuru Tanaka to second
Pinch Hitting: RHB Jing-sheng Joo 0-0: Called Strike
0-1: Grounds into fielders choice 5-2 (Groundball, 5S)
Isuru Tanaka to third
Juan Martínez to second
Pinch Hitting: LHB Juan Aranda 0-0: Foul Ball, location: 2F
0-1: Foul Ball, location: 2F
0-2: Foul Ball, location: 2F
0-2: Ball
1-2: SINGLE (Groundball, 4D)
Isuru Tanaka scores
Juan Martínez to third
Jing-sheng Joo to second
Runner from 3rd tries for Home, SAFE, throw made home
Jing-sheng Joo to third
Juan Aranda to second
Pitching: RHP Luis Torrez
Batting: SHB Lowell Moon 0-0: Ball
1-0: Called Strike
1-1: Ball
2-1: Swinging Strike
2-2: SINGLE (Line Drive, 89M)
Jing-sheng Joo scores
Juan Aranda to third
Batting: RHB Salvador Esparza 0-0: Called Strike
Lowell Moon steals 2nd base
0-1: Ball
1-1: Ball
2-1: Ball
3-1: Called Strike
3-2: Base on Balls
Batting: LHB Alfredo Arévalo 0-0: Ball
1-0: Foul Ball, location: 2F
1-1: Foul Ball, location: 2F
1-2: Foul Ball, location: 2F
1-2: Foul Ball, location: 2F
1-2: Foul Ball, location: 2F
1-2: Grounds into double play, 4-6-3 (Groundball, 34)
Top of the 9th over - 3 run(s), 4 hit(s), 1 error(s), 2 left on base; Minnesota 11 - Bethesda 5
BOTTOM OF THE 9TH
Bethesda Atoms batting - Pitching for Minnesota Loons : RHP Bartolo Ruíz
Now at C: Miguel Zúńiga
Now at 1B: Alex Rucker
Now in LF: Nathaniel Griffin
Now in CF: Jing-sheng Joo
Now in RF: Carey Heidemann
Batting: RHB Juan Camacho 0-0: Called Strike
0-1: Ball
1-1: Ground out 6-3 (Groundball, 6)
Batting: RHB Marc Beck 0-0: Foul Ball, location: 2F
0-1: Ball
1-1: Ball
2-1: Foul Ball, location: 2F
2-2: Strikes out swinging
Batting: LHB Jorge Ortíz 0-0: Ball
1-0: Fly out, F9 (Flyball, 9LS)
Bottom of the 9th over - 0 run(s), 0 hit(s), 0 error(s), 0 left on base; Minnesota 11 - Bethesda 5
Saturday, May 26th, 2018 - OOTP Baseball 17.12 Build 75